 Dungeon Crawl Stone Soup version 0.30-a0-782-ge64f9170bb (webtiles) character file.

Game seed: 12982318919453088670

24675 tilp the Carver (level 13, -17/114 HPs)
             Began as a Meteoran Fighter on Mar 1, 2023.
             Was a High Priest of Okawaru.
             Demolished by an orc knight
             ... wielding a +2 great sword
              (28 damage)
             ... on level 2 of the Orcish Mines.
             The game lasted 00:41:44 (6389 turns).

tilp the Carver (Meteoran Fighter)                  Turns: 6389, Time: 00:41:45

Health: -17/114    AC: 21    Str: 19    XL:     13   Next: 80%
Magic:  23/23      EV: 18    Int: 10    God:    Okawaru [*****.]
Gold:   869        SH: 18    Dex: 21    Spells: 12/12 levels left

rFire   . . .      SeeInvis .    a - +3 scimitar (flame)
rCold   . . .      Faith    .    M - +0 kite shield
rNeg    . . .      Spirit   .    A - +0 plate armour
rPois   .          Reflect  +    q - +2 helmet
rElec   .          Harm     .    (no cloak)
rCorr   .          Rampage  .    (no gloves)
Will    +....                    y - +1 pair of boots of a Gauntlet {Dex+3} Stlth
                                 p - amulet of reflection
HPRegen 0.39/turn                L - +4 ring of slaying
MPRegen 0.18/turn                k - +5 ring of evasion

@: heroic, finesse-ful, glowing
A: sense surroundings 2, otherworldly, glowing, explore regen
a: Renounce Religion, Heroism, Finesse, Duel


You were on level 2 of the Orcish Mines.
You worshipped Okawaru.
Okawaru was extremely pleased with you.
You visited 3 branches of the dungeon, and saw 14 of its levels.

You collected 869 gold pieces.

Inventory:

Hand Weapons
 a - a +3 scimitar of flaming (weapon)
 b - a +2 heavy scimitar
Missiles
 c - a curare-tipped dart
 g - 10 boomerangs
 C - 21 poisoned darts (quivered)
 G - 2 datura-tipped darts
Armour
 q - a +2 helmet (worn)
 u - the +2 buckler of the Thirsty Yaks {rN+ Dex+2}
   (Okawaru gifted it to you on level 1 of the Orcish Mines)

   Dex:       It affects your dexterity (+2).
   rN:        It protects you from negative energy.
 y - the +1 pair of boots of a Gauntlet (worn) {Dex+3}
   (You found it on level 5 of the Dungeon)

   Dex:       It affects your dexterity (+3).
 A - a +0 plate armour (worn)
 M - a +0 kite shield (worn)
Jewellery
 f - a ring of positive energy
 k - a +5 ring of evasion (right hand)
 m - a ring of ice
 p - an amulet of reflection (around neck)
 s - the amulet of Elemental Vulnerability {rPois rF-- rC-- AC+8}
   (You found it on level 3 of the Dungeon)

   [amulet of nothing]

   AC:        It affects your AC (+8).
   rF:        It makes you very vulnerable to fire.
   rC:        It makes you very vulnerable to cold.
   rPois:     It protects you from poison.
 z - a ring of willpower
 L - a +4 ring of slaying (left hand)
Wands
 t - a wand of flame (16)
 H - a wand of digging (2)
 I - a wand of roots (4)
 K - a wand of mindburst (6)
Scrolls
 e - a scroll of teleportation
 i - 3 scrolls of immolation
 l - 4 scrolls of torment
 B - a scroll of fog
 D - a scroll of poison
 N - 2 scrolls of enchant armour
Potions
 d - a potion of mutation
 h - a potion of curing
 j - 2 potions of resistance
 n - 2 potions of magic
 o - 2 potions of heal wounds
 r - a potion of invisibility
 w - a potion of ambrosia
 E - a potion of flight
 F - a potion of might
 P - 2 potions of lignification
Miscellaneous
 J - a lightning rod (inert)


   Skills:
 * Level 10.3(15.3) Fighting
 - Level 14.0(19.0) Long Blades
 + Level 6.3(11.3) Throwing
 + Level 6.3(11.3) Armour
 + Level 10.2(15.2) Dodging
 + Level 2.5(7.5) Stealth
 + Level 6.4(11.4) Shields
 + Level 12.2 Invocations
 + Level 6.3 Evocations


You had 12 spell levels left.
You didn't know any spells.
Your spell library was empty.

Dungeon Overview and Level Annotations

Branches:
Dungeon (11/15) Zot: 726   Temple (1/1) D:6 Zot: 564    Lair (0/5) D:9
    Orc (2/2) D:9 Zot: 711     Elf (0/3) Orc:2

Altars:
Dithmenos
Elyvilon
Kikubaaqudgha
Makhleb
Nemelex Xobeh
Okawaru
Qazlal
Ru
Sif Muna
Trog
Uskayaw
Vehumet
Wu Jian
Xom
Yredelemnul
Zin
The Shining One

Shops:
D:5 *   D:10 =


Innate Abilities, Weirdness & Mutations

You passively map the area around you.
You are easily found by Zot.
You glow in the dark.
You regain HP and MP as you explore.


Message History

Unknown command.
Unknown command.
Unknown command.
Unknown command.
Unknown command.
The orc high priest shouts, "You must be punished!"
The orc high priest invokes the aid of Beogh against you.
Beogh smites you!
* * * LOW HITPOINT WARNING * * *
Items here: )) [[ ††.
You slash the orc warrior! You burn the orc warrior.
The orc warrior is heavily wounded.
You slash the orc warrior! You burn the orc warrior.
You kill the orc warrior!
Okawaru accepts your kill.
The orc warrior completely misses you. 2 orc knights, 2 orc priests and 2 orc warriors come into view.
The orc knight shouts!
The orc priest shouts!
The orc warrior shouts!
The orc priest shouts!
The orc warrior shouts!
The orc warrior no longer looks unusually strong.
An orc comes into view. It is wielding a +0 club.
The orc priest miscasts a cantrip.
An orc warrior comes into view. It is wielding a +0 mace.
Items here: ))))))))))))) [[[[[[[[[[[[[ ††††.
An orc knight and an orc warrior come into view.
The orc knight shouts!
The orc warrior shouts!
You block the orc high priest's attack. You block the orc warrior's attack.
The orc knight roars a battlecry!
The orcs go into a battle-frenzy!
Items here: ( )) [ †.
The orc high priest attacks as you move away!
You block the orc high priest's attack.
The orc knight attacks as you move away!
The orc knight hits you with a +2 great sword!!
* * * LOW HITPOINT WARNING * * *
The orc warrior closely misses you.
Items here: ))))))))))))) [[[[[[[[[[[[[ ††††.
The orc knight attacks as you move away!
The orc knight hits you with a +2 great sword!!
You die...

**
#.............#
##
#....#.).#....#
*,,
#.............#
#....#...#....#
##...........##
#...#...#...#
##.........##
#.)#...#..#
##.@o....##
###o#.###
#.oo..# ##o#.##
#..ooo..#
#..#...#..#
*#.........#*
#.. #...#...#
#.. ........#


You could see 2 orc knights, 4 orc warriors and 2 orc priests.

Vanquished Creatures
  An ettin (Orc:2)
  Fannar (Orc:1)
  Erica (Orc:1)
  2 centaur warriors (D:9)
  3 two-headed ogres
  3 orc high priests (Orc:2)
  6 orc knights (Orc:2)
  Pikel (D:8)
  A deep elf pyromancer (D:9)
  An ugly thing (D:11)
  A manticore (D:9)
  An orc sorcerer (Orc:1)
  Joseph (D:8)
  2 unseen horrors
  6 trolls
  2 hornets
  Sigmund (D:4)
  6 yaks (D:8)
  4 wyverns
  A shadow (D:10)
  A vampire (D:11)
  2 wraiths
  A hog (shapeshifter) (D:9)
  2 basilisks (D:9)
  An acid dragon (D:9)
  A water moccasin (D:8)
  Duvessa (D:4)
  4 black bears
  33 orc warriors
  7 ogres
  The ghost of Barriton the Firebug, an amateur DrFE (D:4)
  4 centaurs
  2 phantoms
  4 kobold brigands
  6 bullfrogs
  2 scorpions (D:6)
  2 gnoll sergeants (D:9)
  3 wights (D:10)
  Dowan (D:4)
  9 killer bees
  3 howler monkeys
  27 orc priests
  A gnoll bouda (D:5)
  8 hounds
  A jelly (D:8)
  3 iguanas
  12 orc wizards
  Robin (D:3)
  17 gnolls
  13 adders
  A white imp (D:6)
  2 worms
  6 dart slugs
  71 orcs
  6 endoplasms
  5 giant cockroaches (D:3)
  12 goblins
  9 hobgoblins
  4 jackals (D:3)
  2 quokkas
  8 ball pythons
  5 bats
  A frilled lizard (D:2)
  18 kobolds
  3 rats
371 creatures vanquished.

Vanquished Creatures (others)
  An orc (Orc:1)
1 creature vanquished.

Grand Total: 372 creatures vanquished

Notes
Turn   | Place    | Note
-------+----------+-------------------------------------------
     0 | D:1      | tilp the Meteoran Fighter began the quest for the Orb.
     0 | D:1      | Reached XP level 1. HP: 19/19 MP: 2/2
    33 | D:1      | Reached XP level 2. HP: 20/26 MP: 3/3
   155 | D:1      | Reached skill level 3 in Long Blades
   192 | D:1      | Reached skill level 1 in Dodging
   235 | D:2      | Reached XP level 3. HP: 31/31 MP: 4/4
   349 | D:2      | Reached XP level 4. HP: 40/40 MP: 5/5
   417 | D:3      | Reached skill level 4 in Long Blades
   510 | D:4      | Reached XP level 5. HP: 43/46 MP: 6/6
   513 | D:4      | Noticed a +0 spear
   514 | D:4      | Noticed a +0 dagger
   514 | D:4      | Noticed a +0 falchion
   515 | D:4      | Noticed a +0 falchion
   515 | D:4      | Noticed a +0 short sword
   515 | D:4      | Noticed a +0 spear
   516 | D:4      | Noticed a +0 dagger
   517 | D:4      | Noticed a +0 short sword
   521 | D:4      | Found a hide-covered altar of Uskayaw.
   688 | D:3      | Found an ancient bone altar of Kikubaaqudgha.
   719 | D:2      | Noticed Robin
   840 | D:3      | Reached skill level 5 in Long Blades
   937 | D:3      | Killed Robin
  1108 | D:3      | Found the amulet of Elemental Vulnerability {rPois rF--
                  | rC-- AC+8}
  1220 | D:4      | Noticed Dowan
  1220 | D:4      | Noticed Duvessa
  1351 | D:4      | Reached XP level 6. HP: 46/52 MP: 7/7
  1373 | D:4      | Noticed a black bear
  1382 | D:4      | Killed a black bear
  1383 | D:4      | Reached skill level 6 in Long Blades
  1419 | D:4      | Reached skill level 1 in Throwing
  1419 | D:4      | Reached XP level 7. HP: 57/60 MP: 8/8
  1462 | D:5      | Entered Level 5 of the Dungeon
  1682 | D:4      | Noticed Sigmund
  1702 | D:4      | Killed Sigmund
  1703 | D:4      | Reached skill level 5 in Fighting
  1814 | D:4      | Reached skill level 7 in Long Blades
  1814 | D:4      | Reached XP level 8. HP: 68/68 MP: 9/9
  1829 | D:4      | Found a runed translucent door.
  1831 | D:4      | Noticed Barriton's ghost (amateur DrFE)
  1867 | D:4      | Killed Barriton's ghost
  1899 | D:4      | Found a shimmering blue altar of Sif Muna.
  1953 | D:4      | Killed Dowan
  2010 | D:4      | Killed Duvessa
  2207 | D:5      | Reached skill level 8 in Long Blades
  2263 | D:6      | Found a shadowy altar of Dithmenos.
  2264 | D:6      | Found a shimmering altar of Xom.
  2291 | D:5      | Found Rerghap's Overcharged Wands.
  2360 | D:5      | Gained mutation: You passively map the area around you.
                  | [Meteoran growth]
  2360 | D:5      | Reached XP level 9. HP: 55/78 MP: 10/10
  2424 | D:5      | Identified the +1 pair of boots of a Gauntlet {Dex+3}
  2818 | D:6      | Reached skill level 9 in Long Blades
  2822 | D:6      | Reached skill level 5 in Dodging
  2822 | D:6      | Reached skill level 1 in Evocations
  2860 | D:6      | Found a sparkling altar of Nemelex Xobeh.
  3074 | D:6      | Found a staircase to the Ecumenical Temple.
  3083 | Temple   | Entered the Ecumenical Temple
  3102 | Temple   | Became a worshipper of Warmaster Okawaru
  3156 | D:7      | Found a white marble altar of Elyvilon.
  3309 | D:8      | Reached XP level 10. HP: 88/88 MP: 11/11
  3340 | D:8      | Reached skill level 1 in Invocations
  3355 | D:8      | Reached skill level 10 in Long Blades
  3400 | D:8      | Reached * piety under Okawaru
  3412 | D:8      | Reached skill level 5 in Invocations
  3466 | D:8      | Reached ** piety under Okawaru
  3581 | D:8      | Noticed Joseph
  3588 | D:8      | Noticed Pikel
  3634 | D:8      | Killed Pikel
  3647 | D:8      | Killed Joseph
  3648 | D:8      | Reached XP level 11. HP: 60/94 MP: 18/18
  3946 | D:9      | Reached *** piety under Okawaru
  3947 | D:9      | Reached skill level 1 in Stealth
  4153 | D:9      | Found a staircase to the Lair.
  4262 | D:10     | Entered Level 10 of the Dungeon
  4270 | D:9      | Found a staircase to the Orcish Mines.
  4308 | D:9      | Noticed a centaur warrior
  4310 | D:9      | Noticed a centaur warrior
  4316 | D:9      | Noticed a deep elf pyromancer
  4330 | D:9      | Killed a centaur warrior
  4350 | D:9      | Killed a centaur warrior
  4350 | D:9      | Reached **** piety under Okawaru
  4357 | D:9      | Reached skill level 5 in Armour
  4357 | D:9      | Reached skill level 5 in Evocations
  4374 | D:9      | Reached skill level 5 in Throwing
  4413 | D:9      | Killed a deep elf pyromancer
  4414 | D:9      | Reached skill level 11 in Long Blades
  4432 | D:9      | Received a gift from Okawaru
  4455 | D:9      | Noticed a manticore
  4470 | D:9      | Killed a manticore
  4845 | D:10     | Reached XP level 12. HP: 105/105 MP: 20/20
  4918 | D:10     | Identified the +1 long sword "Gyesh" {heavy, Dex+3}
  4925 | D:10     | Reached skill level 10 in Invocations
  5175 | D:10     | Found Genlood's Jewellery Emporium.
  5278 | D:11     | Reached ***** piety under Okawaru
  5364 | D:11     | Noticed a two-headed ogre
  5374 | D:11     | Killed a two-headed ogre
  5435 | D:11     | Noticed a two-headed ogre
  5438 | D:11     | Killed a two-headed ogre
  5543 | D:11     | Reached skill level 10 in Fighting
  5694 | D:11     | Reached skill level 12 in Long Blades
  5694 | D:11     | Reached skill level 5 in Shields
  5818 | Orc:1    | Entered Level 1 of the Orcish Mines
  5824 | Orc:1    | Identified the +2 buckler of the Thirsty Yaks {rN+ Dex+2}
                  | (Okawaru gifted it to you on level 1 of the Orcish Mines)
  5824 | Orc:1    | Received a gift from Okawaru
  5862 | Orc:1    | Noticed Fannar
  5878 | Orc:1    | Killed Fannar
  5897 | Orc:1    | Noticed Erica
  5904 | Orc:1    | Killed Erica
  5905 | Orc:1    | Reached XP level 13. HP: 82/113 MP: 22/22
  5938 | Orc:2    | Entered Level 2 of the Orcish Mines
  5945 | Orc:2    | Noticed an ettin
  5967 | Orc:2    | Killed an ettin
  5994 | Orc:2    | Noticed a two-headed ogre
  6014 | Orc:2    | Killed a two-headed ogre
  6046 | Orc:2    | Reached skill level 13 in Long Blades
  6328 | Orc:2    | Reached skill level 14 in Long Blades
  6337 | Orc:2    | Reached skill level 10 in Dodging
  6389 | Orc:2    | Demolished by an orc knight

Illustrated notes

Levels and vault maps discovered:
D:1:      wander_arrival_lonely_grave, layout_rooms, hex_tiny
D:2:      cheibrodos_helix_gallery, layout_rooms, minmay_misc_feat_encased,
          uniq_robin
D:3:      layout_basic, general_overflow_altar, minmay_misc_feat_enclosed
D:4:      layout_basic, mainiacjoe_overflow_chevrons, nicolae_uskayaw_en_pointe,
          ebering_ghost_sewer_d, uniq_sigmund, uniq_duvessa
D:5:      layout_cave_pools, minmay_stone_trees_medium, minmay_misc_feat_roman,
          nicolae_shop_overcharged_wands
D:6:      layout_basic, minitemple, nemelex_spade_bored_becter,
          minmay_temple_entry_junction, kennysheep_decorative_pillar,
          nicolae_half_adder
D:7:      layout_gridville, mainiacjoe_overflow_surrounded_room,
          uniq_prince_ribbit1
D:8:      layout_loops_ring, uniq_joseph, uniq_pikel
D:9:      minmay_the_grid_square_5x5_3x3 [minmay_the_grid_square_5x5_one_wall,
          minmay_the_grid_square_5x5_lines, minmay_the_grid_square_5x5_percent,
          minmay_the_grid_square_5x5_seven,
          minmay_the_grid_square_5x5_megaprize_checkered,
          minmay_the_grid_square_5x5_comb,
          minmay_the_grid_square_5x5_misaligned,
          minmay_the_grid_square_5x5_trominoes,
          minmay_the_grid_square_5x5_spiral_small], layout_rooms,
          lair_entry_dummy
D:10:     layout_roguey, serial_shops, shop
D:11:     layout_roguey [special_room_orc]
Temple:   eino_wide_crystal_templ
Orc:1:    layout_caves, uniq_fannar, uniq_erica
Orc:2:    st_orc_pillars, layout_diamond_mine

Skill      XL: |  1  2  3  4  5  6  7  8  9 10 11 12 13 |
---------------+----------------------------------------+-----
Long Blades    | 3 4 5 6 7 8 9 10 11 12 14 | 14.0
Dodging        | 1 2 3 4 5 6 7 8 10 | 10.2
Fighting       | 4 5 6 8 9 10 | 10.3
Throwing       | 1 2 3 4 5 6 |  6.3
Armour         | 4 5 6 |  6.3
Shields        | 4 5 6 |  6.4
Evocations     | 3 4 5 6 |  6.3
Invocations    | 8 9 11 12 | 12.2
Stealth        | 2 |  2.5

Action                     |  1- 3 |  4- 6 |  7- 9 | 10-12 | 13-15 || total
---------------------------+-------+-------+-------+-------+-------++-------
  Melee: Long sword        |    72 |   153 |   349 |   524 |       ||  1098
         Scimitar          |       |       |       |    24 |   201 ||   225
  Throw: Stone             |       |       |    13 |     2 |       ||    15
         Boomerang         |       |       |       |     6 |       ||     6
         Dart              |       |       |       |     6 |     6 ||    12
 Invoke: Heroism           |       |       |       |     8 |     4 ||    12
         Finesse           |       |       |       |       |     3 ||     3
  Evoke: Wand              |       |       |       |     6 |     1 ||     7
         Lightning rod     |       |       |       |       |     4 ||     4
    Use: Potion            |       |     1 |     2 |     1 |       ||     4
         Scroll            |       |       |    11 |    10 |       ||    21
 Armour: Scale mail        |    43 |    91 |       |       |       ||   134
         Chain mail        |       |       |   186 |    17 |       ||   203
         Plate armour      |       |       |       |   191 |    25 ||   216
  Dodge: Dodged            |    28 |    69 |   113 |   220 |    33 ||   463
  Block: Buckler           |    24 |    42 |   168 |   158 |       ||   392
         Reflection        |       |       |     2 |     9 |     8 ||    19
         Kite shield       |       |       |       |   188 |   120 ||   308

Table legend: (Time is in decaauts)
 A = Elapsed time spent in this place.
 B = Non-inter-level travel time spent in this place.
 C = Inter-level travel time spent in this place.
 D = Time resting spent in this place.
 E = Time spent auto-exploring this place.
 F = Levels seen in this place.
 G = Mean time per level.
                   A        B        C        D        E       F      G
               +--------+--------+--------+--------+--------+-----+--------+
         Total |   6397 |   5540 |    857 |     16 |      0 |  14 |  456.9 |
       Dungeon |   5873 |   5032 |    841 |     16 |      0 |  11 |  533.9 |
        Temple |     35 |     19 |     16 |      0 |      0 |   1 |   35.0 |
  Orcish Mines |    488 |    488 |      0 |      0 |      0 |   2 |  244.0 |
               +--------+--------+--------+--------+--------+-----+--------+

Top non-repeatable levels by time:
     D:4: 909 daAuts
     D:8: 812 daAuts
     D:3: 765 daAuts
     D:9: 663 daAuts
    D:11: 578 daAuts
     D:5: 521 daAuts
    D:10: 504 daAuts
     D:6: 452 daAuts
   Orc:2: 352 daAuts
     D:1: 256 daAuts
     D:2: 211 daAuts
     D:7: 197 daAuts
   Orc:1: 135 daAuts
  Temple: 35 daAuts
